 Dungeon Crawl Stone Soup version 0.22.1-1-ga44c0e56f4 (webtiles) character file.

3570 Jynx the Transmogrifier (level 10, -11/58 HPs)
             Began as an Octopode Transmuter on Nov 3, 2018.
             Mangled by Harold
             ... wielding a +2 vampiric short sword
              (18 damage)
             ... on level 7 of the Dungeon.
             The game lasted 00:18:43 (10249 turns).

Jynx the Transmogrifier (Octopode Transmuter)      Turns: 10249, Time: 00:18:44

Health: -11/58     AC:  2    Str: 10    XL:     10   Next: 9%
Magic:  15/17      EV: 14    Int: 15    God:
Gold:   347        SH:  0    Dex: 21    Spells: 3/18 levels left

rFire    . . .     SeeInvis .     - Unarmed
rCold    + . .     Gourm    .   (shield currently unavailable)
rNeg     . . .     Faith    .   (helmet currently unavailable)
rPois    x         Spirit   .   y - amulet of the acrobat
rElec    .         Reflect  .   x - ring of protection from cold
rCorr    .         Harm     .   (no ring)
MR       .....                  (no ring)
Stlth    ++........             (no ring)
HPRegen  0.19/turn              (no ring)
MPRegen  0.15/turn              (no ring)
                                (no ring)
                                (no ring)

@: spider-form, marked, held
A: tiny, almost no armour, stealthy swim, (amphibious), 8 rings, (constrict 8)
a: End Transformation


You were on level 7 of the Dungeon.
You were not hungry.
You were a venomous arachnid creature.
You visited 2 branches of the dungeon, and saw 10 of its levels.

You collected 347 gold pieces.

Inventory:

Missiles
 a - 103 arrows
Jewellery
 x - a ring of protection from cold (left front leg)
 y - an amulet of the acrobat (around neck)
Wands
 b - a wand of polymorph (15)
 o - a wand of flame (31)
 s - a wand of iceblast (7)
 v - a wand of paralysis (14)
 z - a wand of random effects (22)
Scrolls
 f - 2 scrolls of identify
 g - 3 scrolls of teleportation {unknown}
 h - a scroll of random uselessness {unknown}
 i - 5 scrolls of remove curse {unknown}
 k - 3 scrolls of fear {unknown}
 l - a scroll of enchant weapon {unknown}
 m - 2 scrolls of enchant armour {unknown}
 p - 3 scrolls of immolation {unknown}
 q - 2 scrolls of magic mapping
 t - 2 scrolls of amnesia {unknown}
Potions
 d - a potion of haste {unknown}
 e - a potion of resistance {unknown}
 j - 2 potions of lignification {unknown}
 r - 6 potions of curing
 w - a potion of degeneration {unknown}
Miscellaneous
 n - a lamp of fire
Comestibles
 c - 9 rations
 u - 5 chunks of flesh


   Skills:
 - Level 1.0 Fighting
 + Level 7.3 Dodging
 + Level 6.0 Unarmed Combat
 - Level 4.6 Spellcasting
 * Level 10.2 Transmutations


You had 3 spell levels left.
You knew the following spells:

 Your Spells              Type           Power        Failure   Level  Hunger
a - Beastly Appendage     Tmut           ####..       2%          1    None
b - Sticks to Snakes      Tmut           ####....     3%          2    ##.....
c - Spider Form           Tmut/Pois      ###.......   17%         3    ###....
d - Blade Hands           Tmut           ####......   19%         5    ######.
e - Ice Form              Ice/Tmut       ###.....     41%         4    ####...

Your spell library contained the following spells:

 Spells                   Type           Power        Failure   Level  Hunger


Dungeon Overview and Level Annotations

Branches:
Dungeon (9/15)             Temple (1/1) D:5
   Lair: D:8-11         Orc: D:9-12

Altars:
Dithmenos
Elyvilon
Fedhas
Gozag
Hepliaklqana
Makhleb
Nemelex Xobeh
Okawaru
Ru
Sif Muna
Trog
Uskayaw
Vehumet
Wu Jian
Xom
Yredelemnul
Zin
The Shining One

Shops:
D:5 =   D:6 }

Annotations:
D:3 1 runed door, Nixze's ghost, amateur DEIE
D:7 Harold


Innate Abilities, Weirdness & Mutations

You cannot wear most types of armour.
You are very stealthy in the water. (Stealth+)
((You are amphibious.))
You can wear up to eight rings at the same time.
((You can use your tentacles to constrict eight enemies at once.))
((Your skin changes colour to match your surroundings (Stealth+).))
((Your rubbery body absorbs attacks. (AC +1, EV +1)))


Message History

You hit Harold but do no damage.
Harold looks as sick as possible!
Harold is lightly wounded.
An ogre comes into view. It is wielding a giant club.
You bite Harold!
Harold looks as sick as possible!
Harold is moderately wounded.
Harold hits you with a vampiric short sword!
* * * LOW HITPOINT WARNING * * *
Harold draws strength from your wounds!
Found a flail.
Found a stone staircase leading up.
Harold throws a throwing net.
The throwing net hits you.
You become entangled in the net!
You see here a throwing net.
You struggle against the net.
A bullfrog skeleton comes into view.
You tear a large gash into the net.
Harold hits you with a vampiric short sword!
* * * LOW HITPOINT WARNING * * *
You struggle against the net.
Harold hits you with a vampiric short sword!!
You die...

<.#######
........######.#
........s)..Z...
...###@########
.# #.# .# #.# .#
#># ##.# #...#
#..
#.....######.#
#....."?#...#.##
#.............<#


You could see Harold and a bullfrog skeleton.

Vanquished Creatures
  Erica (D:9)
  Pikel (D:4)
  Maurice (D:9)
  Prince Ribbit (D:6)
  A water moccasin (D:5)
  An ice beast (D:5)
  An orc warrior (D:9)
  2 sky beasts
  4 slaves (D:3)
  3 ogres
  2 centaurs
  A bullfrog (D:5)
  A scorpion (D:6)
  4 wights (D:6)
  A crimson imp (D:9)
  A bullfrog zombie (D:9)
  A bullfrog skeleton (D:4)
  An orc priest (D:5)
  4 hounds
  4 iguanas
  3 orc wizards
  Ijyb (D:4)
  Natasha (thrice) (D:4)
  A worker ant (D:4)
  A hound skeleton (D:5)
  Robin (D:4)
  8 adders
  2 shadow imps
  3 adder skeletons
  An adder zombie (D:5)
  2 worms
  3 dart slugs
  4 leopard geckos
  11 orcs
  3 giant cockroaches
  16 goblins
  5 hobgoblins
  6 jackals
  6 quokkas
  A ball python skeleton (D:5)
  7 bats
  3 frilled lizards
  A giant cockroach zombie (D:3)
  13 kobolds
  26 rats
167 creatures vanquished.

Notes
Turn   | Place    | Note
-------+----------+-------------------------------------------
     0 | D:1      | Jynx the Octopode Transmuter began the quest for the Orb.
     0 | D:1      | Reached XP level 1. HP: 13/13 MP: 3/3
   320 | D:1      | Reached XP level 2. HP: 18/18 MP: 5/5
   704 | D:1      | Reached XP level 3. HP: 21/23 MP: 4/6
  1165 | D:2      | Found a sacrificial altar of Ru.
  1406 | D:2      | Found a blossoming altar of Fedhas.
  1466 | D:2      | Reached skill level 3 in Transmutations
  1999 | D:3      | Found a bloodstained altar of Trog.
  2065 | D:4      | Found a basalt altar of Yredelemnul.
  2065 | D:4      | Noticed a slave
  2084 | D:3      | Learned a level 2 spell: Sticks to Snakes
  2088 | D:3      | Learned a level 3 spell: Spider Form
  2218 | D:3      | Reached XP level 4. HP: 18/28 MP: 5/7
  2633 | D:3      | Noticed Nixze's ghost (amateur DEIE)
  2636 | D:3      | Found a runed door.
  2658 | D:3      | Found a hide-covered altar of Uskayaw.
  2918 | D:4      | Noticed a slave
  2990 | D:4      | Noticed Robin
  3044 | D:4      | Noticed an ogre
  3241 | D:4      | Noticed a slave
  3253 | D:3      | Killed a slave
  3309 | D:4      | Noticed Pikel
  3328 | D:3      | Killed a slave
  3505 | D:4      | Noticed a slave
  3524 | D:3      | Killed a slave
  4032 | D:2      | Found a radiant altar of Vehumet.
  4057 | D:3      | Killed a slave
  4144 | D:4      | Killed an ogre
  4144 | D:4      | Reached skill level 4 in Transmutations
  4144 | D:4      | Reached XP level 5. HP: 33/33 MP: 6/9
  4187 | D:4      | Killed Robin
  4202 | D:4      | Reached XP level 6. HP: 29/38 MP: 5/10
  4306 | D:4      | Killed Pikel
  4306 | D:4      | Reached skill level 6 in Transmutations
  4306 | D:4      | Reached XP level 7. HP: 23/43 MP: 5/13
  4477 | D:4      | Learned a level 5 spell: Blade Hands
  4502 | D:4      | Noticed Natasha
  4512 | D:4      | Killed Natasha
  4794 | D:4      | Noticed Natasha
  4804 | D:4      | Killed Natasha
  4924 | D:4      | Noticed Natasha
  4934 | D:4      | Killed Natasha
  5069 | D:4      | Found a white marble altar of Elyvilon.
  5072 | D:4      | Found a glowing silver altar of Zin.
  5140 | D:4      | Noticed Ijyb
  5151 | D:4      | Killed Ijyb
  5178 | D:4      | Reached XP level 8. HP: 20/48 MP: 11/14
  5693 | D:5      | Entered Level 5 of the Dungeon
  5713 | D:5      | Found Etzuhiov's Jewellery Shoppe.
  6251 | D:5      | Found a shadowy altar of Dithmenos.
  6271 | D:5      | Reached skill level 5 in Dodging
  6271 | D:5      | Reached skill level 7 in Transmutations
  6394 | D:5      | Learned a level 4 spell: Ice Form
  6757 | D:5      | Found a staircase to the Ecumenical Temple.
  6793 | Temple   | Entered the Ecumenical Temple
  8067 | D:6      | Reached skill level 8 in Transmutations
  8334 | D:6      | Reached XP level 9. HP: 11/53 MP: 13/16
  8761 | D:6      | Found Byuleed's Gadget Boutique.
  8763 | D:6      | Noticed Prince Ribbit
  8773 | D:6      | Killed Prince Ribbit
  9232 | D:7      | Noticed Harold
  9238 | D:7      | You fall through a shaft for 2 floors!
  9296 | D:9      | Reached skill level 9 in Transmutations
  9495 | D:9      | Noticed Maurice
  9518 | D:9      | Killed Maurice
  9518 | D:9      | Reached skill level 5 in Unarmed Combat
  9689 | D:9      | Noticed Erica
  9706 | D:9      | Killed Erica
  9706 | D:9      | Reached skill level 10 in Transmutations
  9706 | D:9      | Reached XP level 10. HP: 12/58 MP: 12/17
 10209 | D:9      | Found a radiant altar of Vehumet.
 10249 | D:7      | Mangled by Harold

Skill      XL: |  1  2  3  4  5  6  7  8  9 10 |
---------------+-------------------------------+-----
Transmutations | 3 4 6 8 10 | 10.2
Dodging        | 3 4 5 7 |  7.3
Spellcasting   | 3 4 |  4.6
Unarmed Combat | 4 5 6 |  6.0
Fighting       | |  1.0

Action                   |  1- 3 |  4- 6 |  7- 9 | 10-12 || total
-------------------------+-------+-------+-------+-------++-------
Melee: Unarmed           |    80 |   124 |   268 |    35 ||   507
       Constrict         |    23 |    17 |    47 |     7 ||    94
       Kick              |    14 |    10 |    29 |     7 ||    60
       Tentacles         |    11 |     6 |    25 |     4 ||    46
       Punch             |       |     2 |     5 |     3 ||    10
 Cast: Beastly Appendage |    22 |    13 |    25 |     4 ||    64
       Spider Form       |     1 |    11 |    10 |     1 ||    23
       Sticks to Snakes  |       |     1 |       |       ||     1
       Blade Hands       |       |       |    13 |     2 ||    15
  Use: Scroll            |     2 |       |     2 |       ||     4
       Potion            |       |       |     1 |       ||     1
 Stab: Sleeping          |     3 |     3 |     4 |     1 ||    11
  Eat: Chunk             |     1 |     5 |    19 |     3 ||    28
       Ration            |     1 |     1 |     1 |       ||     3
Armor: Skin              |     3 |     8 |    13 |       ||    24
Dodge: Dodged            |    66 |    90 |   185 |    32 ||   373
